 Dungeon Crawl Stone Soup version 0.29.0-13-gc9e81de378 (webtiles) character file.

Game seed: 12607808024364279840

20317 ystael the Cleaver (level 12, -3/110 HPs)
             Began as a Minotaur Fighter on Sept 5, 2022.
             Was an Elder of Makhleb.
             Slain by a six-headed hydra (10 damage)
             ... on level 1 of the Lair of Beasts on Sept 7, 2022.
             The game lasted 00:29:57 (14571 turns).

ystael the Cleaver (Minotaur Fighter)              Turns: 14571, Time: 00:29:57

Health: -3/110     AC: 17    Str: 23    XL:     12   Next: 44%
Magic:  11/11      EV:  5    Int:  5    God:    Makhleb [****..]
Gold:   497        SH: 18    Dex: 19    Spells: 11/11 levels left

rFire   . . .      SeeInvis .   c - +0 morningstar
rCold   . . .      Faith    .   W - +0 tower shield
rNeg    . . .      Spirit   .   D - +1 chain mail {Will+}
rPois   .          Reflect  .   O - +2 hat
rElec   .          Harm     .   (no cloak)
rCorr   .          Rampage  .   K - +0 pair of gloves
Will    +....                   z - +0 pair of boots
Stlth   ..........              (no amulet)
HPRegen 0.28/turn               e - +6 ring of dexterity
MPRegen 0.12/turn               (no ring)

@: no status effects
A: horns 2, retaliatory headbutt
a: Renounce Religion, Minor Destruction, Lesser Servant of Makhleb, Major
Destruction


You were on level 1 of the Lair of Beasts.
You worshipped Makhleb.
Makhleb was greatly pleased with you.
You visited 3 branches of the dungeon, and saw 14 of its levels.
You also visited: Sewer.

You collected 763 gold pieces.
You spent 266 gold pieces at shops.

Inventory:

Hand Weapons
 a - a +2 broad axe of draining
 b - a +1 sling
 c - a +0 morningstar (weapon)
Missiles
 j - 149 stones
 u - a curare-tipped dart
 w - 27 poisoned darts
 H - 6 boomerangs
 I - 5 javelins
 N - 5 boomerangs of dispersal
 U - 2 throwing nets
Armour
 z - a +0 pair of boots (worn)
 D - a +1 chain mail of willpower (worn)
 K - a +0 pair of gloves (worn)
 O - a +2 hat (worn)
 W - a +0 tower shield (worn)
Jewellery
 e - a +6 ring of dexterity (left hand)
 n - a +6 ring of intelligence
 Q - a ring of wizardry
Wands
 r - a wand of acid (10)
 t - a wand of polymorph (12)
 A - a wand of roots (14)
 B - a wand of digging (2)
 R - a wand of paralysis (4)
 S - a wand of flame (12)
Scrolls
 f - 10 scrolls of teleportation
 h - 2 scrolls of immolation
 m - 4 scrolls of vulnerability
 o - a scroll of poison
 s - 5 scrolls of fear
 y - 2 scrolls of summoning
 C - 2 scrolls of amnesia
 E - 3 scrolls of magic mapping
 L - a scroll of blinking
 V - 3 scrolls of identify
Potions
 d - 5 potions of might
 g - 6 potions of curing
 i - 6 potions of haste
 k - 3 potions of lignification
 l - 5 potions of invisibility
 p - 7 potions of heal wounds
 q - 3 potions of mutation
 v - a potion of magic
 x - 5 potions of cancellation
 F - 2 potions of brilliance
 G - a potion of ambrosia
 M - a potion of berserk rage
 P - a potion of flight
 T - a potion of attraction


   Skills:
 + Level 11.0 Fighting
 * Level 14.5 Axes
 + Level 9.3 Ranged Weapons
 + Level 10.9 Armour
 + Level 10.8 Shields


You had 11 spell levels left.
You didn't know any spells.
Your spell library contained the following spells:

 Spells                   Type           Power      Damage    Failure   Level
 Summon Small Mammal      Summ           0%         N/A       100%        1
 Call Canine Familiar     Summ           0%         N/A       100%        3
 Confusing Touch          Hex            0%         N/A       100%        3
 Dazzling Flash           Conj/Hex       0%         N/A       100%        3
 Summon Guardian Golem    Hex/Summ       0%         N/A       100%        3
 Fulminant Prism          Conj/Hex       0%         3d6       100%        4
 Iskenderun's Mystic Bla  Conj/Tloc      0%         2d3       100%        4
 Agony                    Necr           0%         N/A       100%        5
 Freezing Cloud           Conj/Ice/Air   0%         6-21      100%        5
 Lee's Rapid Deconstruct  Erth           0%         3d5*      100%        5
 Silence                  Hex/Air        0%         N/A       100%        5
 Yara's Violent Unravell  Hex/Tmut       0%         3d3       100%        5
 Simulacrum               Ice/Necr       0%         N/A       100%        6
 Enfeeble                 Hex            0%         N/A       100%        7
 Polar Vortex             Ice            0%         N/A       100%        9


Dungeon Overview and Level Annotations

Branches:
Dungeon (12/15)            Temple (1/1) D:7            Lair (1/5) D:8
    Orc (0/2) D:9           Sewer (visited)

Altars:
Ashenzari
Cheibriados
Dithmenos
Elyvilon
Fedhas
Gozag
Hepliaklqana
Kikubaaqudgha
Makhleb
Nemelex Xobeh
Okawaru
Qazlal
Ru
Sif Muna
Trog
Uskayaw
Vehumet
Wu Jian
Xom
Yredelemnul
Zin
The Shining One

Shops:
D:4 (   D:5 !   D:7 [(**(   D:8 [   D:10 [

Annotations:
D:4 2 transporters
D:9 3 runed translucent doors, SensoryNuts's ghost, novice DsFi


Innate Abilities, Weirdness & Mutations

You have a pair of horns on your head.
You reflexively headbutt those who attack you in melee.


Message History

The six-headed hydra bites you but does no damage.
You block the six-headed hydra's attack. x2
The six-headed hydra bites you but does no damage.
The six-headed hydra bites you!
The six-headed hydra bites you but does no damage.
The six-headed hydra bites you. x2
You block the six-headed hydra's attack.
The six-headed hydra bites you but does no damage.
The six-headed hydra bites you. The six-headed hydra barely misses you.
You sock the six-headed hydra! You headbutt the six-headed hydra!
The six-headed hydra is severely wounded.
The six-headed hydra bites you!
You block the six-headed hydra's attack.
The six-headed hydra bites you.
* * * LOW HITPOINT WARNING * * *
The six-headed hydra bites you but does no damage.
You block the six-headed hydra's attack.
The six-headed hydra bites you!
* * * LOW HITPOINT WARNING * * *
Unknown command.
You hit the six-headed hydra.
The six-headed hydra is severely wounded.
The six-headed hydra bites you but does no damage.
The six-headed hydra bites you.
* * * LOW HITPOINT WARNING * * *
The six-headed hydra bites you but does no damage.
The six-headed hydra bites you!
* * * LOW HITPOINT WARNING * * *
You block the six-headed hydra's attack.
The six-headed hydra barely misses you.
You puncture the six-headed hydra! You headbutt the six-headed hydra!
The six-headed hydra is almost dead.
The six-headed hydra bites you.
* * * LOW HITPOINT WARNING * * *
You block the six-headed hydra's attack.
The six-headed hydra barely misses you. x2
The six-headed hydra bites you but does no damage.
You block the six-headed hydra's attack. x2
The six-headed hydra barely misses you. The six-headed hydra bites you!
You die...

≈~~...........................
≈~.........P###.###...........
≈~.######..########...........
≈~.........#.###..#...........
≈~~......†....................
≈≈~..............###.####.##..
≈≈~.....##.####..# ### ####.>
≈≈~~....##..P.##.#### #..
~≈≈~........D@....... ....
~≈≈~.....#.######.... ....
~≈≈~~88..### #.#. ##.
................ .. ####.
.............$.. ....
~~≈≈~88......!.. ...
#~≈≈~~.......... ##+##..
~~≈≈~.......... #...#..
#~≈≈~.......... +.8.#..


You could see a six-headed hydra.

Vanquished Creatures
  Gastronok (D:9)
  2 two-headed ogres
  Pikel (D:9)
  A cyclops (D:11)
  2 manticores
  Joseph (D:7)
  A gargoyle (D:12)
  2 cane toads (Lair:1)
  3 komodo dragons (Lair:1)
  A kobold demonologist (D:10)
  2 trolls
  Prince Ribbit (D:7)
  A hornet (Lair:1)
  10 slime creatures (D:12)
  Grinder (D:4)
  2 wraiths (D:12)
  25 yaks
  A shadow (D:9)
  A vampire (D:10)
  Eustachio (D:4)
  A steam dragon (D:7)
  3 vampire mosquitoes (D:11)
  2 acid dragons
  9 water moccasins
  Duvessa (D:5)
  An orc warrior (D:9)
  An ice beast (D:8)
  4 black bears
  An ogre (D:7)
  7 wolves (Lair:1)
  6 phantoms
  4 centaurs
  A lemure (D:9)
  3 kobold brigands
  6 bullfrogs
  3 gnoll sergeants
  4 scorpions
  A wyvern zombie (D:6)
  2 necrophages
  A water moccasin zombie (D:6)
  8 wights
  2 troll zombies (D:9)
  Dowan (D:5)
  9 killer bees
  2 howler monkeys
  An electric eel (D:11)
  3 centaur zombies (D:6)
  4 hounds
  5 orc priests
  2 jellies
  A gnoll bouda (D:7)
  3 iguanas
  7 orc wizards
  4 ogre zombies (D:9)
  A howler monkey zombie (D:6)
  18 gnolls
  5 adders
  A shadow imp (D:6)
  2 ufetubi
  A worm (D:2)
  2 dart slugs
  28 orcs
  8 ball pythons
  8 endoplasms
  7 giant cockroaches
  7 goblins
  14 hobgoblins
  7 jackals (D:1)
  24 kobolds
  4 quokkas
  12 bats
  2 frilled lizards
  2 goblin skeletons (D:9)
  A goblin zombie (D:9)
  A hobgoblin skeleton (D:9)
  A hobgoblin zombie (D:9)
  2 orc skeletons (D:9)
  12 orc zombies (D:9)
  9 rats
352 creatures vanquished.

Vanquished Creatures (others)
  A gnoll (D:11)
  3 fungi (Lair:1)
  7 plants
11 creatures vanquished.

Grand Total: 363 creatures vanquished

Notes
Turn   | Place    | Note
-------+----------+-------------------------------------------
     0 | D:1      | ystael the Minotaur Fighter began the quest for the Orb.
     0 | D:1      | Reached XP level 1. HP: 19/19 MP: 0/0
    42 | D:1      | Reached XP level 2. HP: 25/27 MP: 1/1
   115 | D:1      | Reached skill level 3 in Axes
   174 | D:1      | Found a faded altar of an unknown god.
   869 | D:2      | Reached XP level 3. HP: 33/33 MP: 2/2
  1741 | D:3      | Reached skill level 1 in Ranged Weapons
  1741 | D:3      | Reached XP level 4. HP: 40/40 MP: 3/3
  2232 | D:4      | Noticed Eustachio
  2232 | D:4      | Noticed a black bear
  2282 | D:4      | Found a glowing drain.
  2288 | Sewer    | Entered a sewer
  2313 | Sewer    | Reached skill level 4 in Axes
  2328 | Sewer    | Noticed a kobold brigand
  2335 | Sewer    | Killed a kobold brigand
  2336 | Sewer    | Reached XP level 5. HP: 8/47 MP: 4/4
  2773 | Sewer    | Reached XP level 6. HP: 51/53 MP: 5/5
  2854 | D:4      | Found Tubod's Weapon Boutique.
  2895 | D:4      | Found a radiant altar of Vehumet.
  2950 | D:4      | Reached skill level 5 in Axes
  3244 | D:4      | Bought a +1 broad axe of draining for 156 gold pieces
  3261 | D:4      | Found a transporter.
  3261 | D:4      | Found a transporter.
  3262 | D:4      | Noticed an orc warrior
  3281 | D:4      | Found a hazy altar of Hepliaklqana.
  3282 | D:4      | Found a broken altar of Ashenzari.
  3392 | D:4      | Killed Eustachio
  3393 | D:4      | Reached skill level 5 in Fighting
  3393 | D:4      | Reached skill level 5 in Armour
  3393 | D:4      | Reached skill level 5 in Shields
  3393 | D:4      | Reached XP level 7. HP: 30/61 MP: 6/6
  3665 | D:4      | Noticed Grinder
  3674 | D:4      | Killed Grinder
  3675 | D:4      | Reached skill level 6 in Axes
  3892 | D:5      | Entered Level 5 of the Dungeon
  3895 | D:5      | Found Jutsos's Distillery.
  3902 | D:5      | Bought a potion of heal wounds for 55 gold pieces
  3902 | D:5      | Bought a potion of degeneration for 11 gold pieces
  4152 | D:5      | Noticed Dowan
  4169 | D:5      | Killed Dowan
  4170 | D:5      | Reached XP level 8. HP: 65/70 MP: 7/7
  4274 | D:5      | Noticed Duvessa
  4288 | D:5      | Killed Duvessa
  4289 | D:5      | Reached skill level 7 in Axes
  5117 | D:6      | Reached skill level 8 in Axes
  5342 | D:6      | Reached skill level 5 in Ranged Weapons
  5344 | D:6      | Found a basalt altar of Yredelemnul.
  5354 | D:6      | Reached XP level 9. HP: 65/78 MP: 8/8
  5423 | D:6      | Found a hide-covered altar of Uskayaw.
  5424 | D:6      | Found a sparkling altar of Nemelex Xobeh.
  5878 | D:7      | Reached skill level 9 in Axes
  6193 | D:7      | Found Veesat's Weapon Emporium.
  6199 | D:7      | Noticed Prince Ribbit
  6212 | D:7      | Killed Prince Ribbit
  6213 | D:7      | Reached skill level 10 in Axes
  6485 | D:7      | Found Azoukhuo's General Store.
  6493 | D:7      | Found Tienaaj's Weapon Shoppe.
  6503 | D:7      | Noticed Joseph
  6516 | D:7      | Killed Joseph
  6517 | D:7      | Reached XP level 10. HP: 35/88 MP: 9/9
  6747 | D:7      | Found a shimmering altar of Xom.
  6987 | D:7      | Found Ricefol's General Store.
  6990 | D:7      | Bought a scroll of identify for 22 gold pieces
  6990 | D:7      | Bought a scroll of identify for 22 gold pieces
  7079 | D:7      | Found Qeir's Antique Armour Shop.
  7113 | D:7      | Found a staircase to the Ecumenical Temple.
  7122 | Temple   | Entered the Ecumenical Temple
  7327 | Temple   | Became a worshipper of Makhleb the Destroyer
  7409 | D:7      | Found an iron altar of Okawaru.
  7628 | D:8      | Found Emmit's Antique Armour Shop.
  8494 | D:8      | Found a staircase to the Lair.
  8650 | D:9      | Noticed Gastronok
  8679 | D:9      | Killed Gastronok
  8680 | D:9      | Reached skill level 11 in Axes
  8704 | D:9      | Noticed Pikel
  8840 | D:9      | Killed Pikel
  9131 | D:9      | Found a runed translucent gate.
  9131 | D:9      | Found a runed translucent gate.
  9131 | D:9      | Found a runed translucent gate.
  9185 | D:9      | Reached * piety under Makhleb
  9247 | D:9      | Found an ancient bone altar of Kikubaaqudgha.
  9459 | D:9      | Found a staircase to the Orcish Mines.
  9707 | D:9      | Noticed SensoryNuts's ghost (novice DsFi)
  9975 | D:9      | Reached ** piety under Makhleb
 10203 | D:10     | Entered Level 10 of the Dungeon
 10474 | D:10     | Reached skill level 12 in Axes
 10479 | D:10     | Reached XP level 11. HP: 91/97 MP: 10/10
 10491 | D:10     | Noticed a soul eater
 10632 | D:10     | Noticed a two-headed ogre
 10642 | D:10     | Killed a two-headed ogre
 10753 | D:10     | Found a white marble altar of Elyvilon.
 10795 | D:10     | Found a stormy altar of Qazlal.
 10797 | D:10     | Found a blossoming altar of Fedhas.
 10976 | D:10     | Identified the +5 whip "Atsocroeli" {drain, rElec rF+
                  | Str-4}
 11006 | D:10     | Found Mustroeb's Armour Shop.
 11501 | D:11     | Identified the +3 falchion of False Hope {vorpal, rElec rC-
                  | SInv Stlth+}
 11904 | D:11     | You fall into a shaft and drop 1 floor!
 11923 | D:12     | Reached skill level 13 in Axes
 11931 | D:12     | Reached skill level 10 in Fighting
 12092 | D:11     | Reached skill level 10 in Armour
 12330 | D:12     | Reached skill level 10 in Shields
 12402 | D:12     | Reached *** piety under Makhleb
 12486 | D:12     | Upgraded the game from 0.29.0-11-gd7f09526c8 to
                  | 0.29.0-13-gc9e81de378
 13091 | D:12     | Noticed a two-headed ogre
 13100 | D:12     | Killed a two-headed ogre
 13204 | D:12     | Reached XP level 12. HP: 84/107 MP: 11/11
 13734 | Lair:1   | Entered Level 1 of the Lair of Beasts
 13770 | Lair:1   | Reached skill level 14 in Axes
 14236 | Lair:1   | Reached **** piety under Makhleb
 14289 | Lair:1   | Paralysed by a hornet for 2 turns
 14555 | Lair:1   | Noticed a six-headed hydra
 14571 | Lair:1   | Slain by a six-headed hydra

Illustrated notes

Levels and vault maps discovered:
D:1:      saegor_arrival_simple_e, layout_loops_cross,
          shapermc_ecumenical_altar_totnotflames, minmay_quantized
D:2:      layout_loops_ring, nicolae_underground_beach
D:3:      layout_rooms, minmay_misc_feat_cross, minmay_diced_spiral
D:4:      layout_rooms, gammafunk_temple_overflow_arena, amcnicky_altar_gilded,
          serial_shops, shop, gup_sewer_entry_bowl, uniq_eustachio, uniq_grinder
D:5:      corexii_shantytown, layout_basic, serial_shops, shop, uniq_duvessa
D:6:      layout_cave_pools, nicolae_yredelemnul_corpse_copse,
          mainiacjoe_overflow_catwalk_spiral
D:7:      layout_basic, lemuel_coloured_pillars_altar,
          mainiacjoe_overflow_brackets, minmay_temple_entry_grid, serial_shops,
          kennysheep_mini, nicolae_shop_stone, shop_statue,
          nicolae_shop_waterfront, nicolae_take_the_stairs, glass_columns_a,
          minmay_fractal_squares_diagonal_5, uniq_prince_ribbit1, uniq_joseph
D:8:      layout_loops_ring, lair_entry_dummy, serial_shops,
          nicolae_stop_n_shop_1
D:9:      layout_loops_ring, mainiacjoe_overflow_catwalk, zombieorc1_lemuel,
          gammafunk_ghost_icy, uniq_pikel, uniq_gastronok
D:10:     layout_irregular_city, grunt_temple_overflow_forces_of_nature,
          elyvilon_altar_5, serial_shops, nicolae_shop_window_shopping,
          grunt_ministairs_13, amcnicky_mini_pool_small
D:11:     layout_big_octagon, minmay_crystal_water
D:12:     layout_layer_cave
Temple:   nicolae_temple_bog_church
Lair:1:   wander_river, layout_long_grid, grunt_megastairs_4

Skill      XL: |  1  2  3  4  5  6  7  8  9 10 11 12 |
---------------+-------------------------------------+-----
Axes           | 3 4 5 6 8 10 12 13 14 | 14.5
Shields        | 4 5 6 7 9 10 | 10.8
Fighting       | 4 5 6 7 9 10 11 | 11.0
Armour         | 4 5 6 7 9 10 | 10.9
Ranged Weapons | 1 2 3 5 6 7 8 9 |  9.3

Action                   |  1- 3 |  4- 6 |  7- 9 | 10-12 || total
-------------------------+-------+-------+-------+-------++-------
Melee: War axe           |    78 |    72 |       |       ||   150
       Headbutt          |     6 |     9 |    40 |    92 ||   147
       Broad axe         |       |    15 |   200 |   430 ||   645
       Morningstar       |       |       |       |     6 ||     6
 Fire: Sling             |    36 |    38 |   134 |   198 ||   406
  Use: Scroll            |     8 |     3 |     8 |    11 ||    30
Armor: Scale mail        |    37 |       |       |       ||    37
       Plate armour      |     7 |   136 |    31 |       ||   174
       Chain mail        |       |       |   100 |   228 ||   328
Dodge: Dodged            |    41 |    48 |    86 |   129 ||   304
Block: Buckler           |    29 |    48 |    71 |    91 ||   239
       Kite shield       |       |       |       |    47 ||    47
       Tower shield      |       |       |       |    95 ||    95
